 Dungeon Crawl Stone Soup version 0.31-a0-365-gcf821cafb2 (webtiles) character file.

Game seed: 16499247524870917823

46 lunkers the Ruffian (level 4, -5/35 HPs)
             Began as a Meteoran Shapeshifter on July 27, 2023.
             Slain by Natasha (8 damage)
             ... on level 2 of the Dungeon.
             The game lasted 00:00:59 (365 turns).

lunkers the Ruffian (Meteoran Shapeshifter)          Turns: 365, Time: 00:01:00

Health: -5/35      AC:  2    Str: 23    XL:     4   Next: 13%
Magic:  5/5        EV: 12    Int:  9    God:
Gold:   12         SH:  0    Dex: 16    Spells: 3/3 levels left

rFire   . .          .
                       - Unarmed
rCold   . . .        (no shield)
rNeg    . . .        a - +0 animal skin
rPois   .            (helmet currently unavailable)
rElec   .            (cloak currently unavailable)
rCorr   .            (gloves currently unavailable)
SInv    .            (boots currently unavailable)
Will    +....        (no amulet)
Stlth   +            g - ring of willpower
HPRegen 0.25/turn    e - +6 ring of strength
MPRegen 0.09/turn

%: no passive effects
@: beast-form, glowing
A: beast (slay +2), sense surroundings 1, otherworldly, glowing, explore regen
a: Begin Untransformation


You were on level 2 of the Dungeon.
You were a hulking beast.
You visited 1 branch of the dungeon, and saw 2 of its levels.

You collected 12 gold pieces.

Inventory:

Armour
 a - a +0 animal skin (worn)
Jewellery
 e - a +6 ring of strength (right hand)
 g - a ring of willpower (left hand)
Talismans
 c - a beast talisman
Scrolls
 f - 2 scrolls of identify {unknown}
Potions
 b - a potion of curing {unknown}
 d - a potion of degeneration {unknown}


   Skills:
 - Level 1.1 Fighting
 - Level 2.4 Dodging
 + Level 5.5 Unarmed Combat
 - Level 3.6 Shapeshifting


You had 3 spell levels left.
You didn't know any spells.
Your spell library contained the following spells:

 Spells                   Type           Power      Damage    Failure   Level
 Static Discharge         Conj/Air       0%         2-2/arc   52%         2
 Airstrike                Air            0%         2d(0-16)  99%         4
 Summon Lightning Spire   Summ/Air       0%         N/A       99%         4


Dungeon Overview and Level Annotations

Branches:
Dungeon (2/15) Zot: 833

Altars:

Annotations:
D:2 Natasha


Innate Abilities, Weirdness & Mutations

You are a hulking beast.
Your limbs bulge with bestial killing power. (Slay +2)
You passively map a small area around you.
You are easily found by Zot.
You glow in the dark.
You regain HP and MP as you explore.


Message History

A kobold comes into view. It is wielding a +0 short sword.
The ball python attacks as you move away!
The ball python misses you. x2; The bat attacks as you move away!
The bat misses you. The bat barely misses you. x2
The bat attacks as you move away! The bat closely misses you.
The bat misses you.
You punch the bat!
You kill the bat!
You closely miss the goblin. The goblin closely misses you.
You closely miss the goblin. The goblin misses you.
You punch the goblin!
You kill the goblin!
Natasha, Servant of Life and Death comes into view.
She is carrying a wand of flame.
You closely miss the ball python.
Natasha howls an incantation.
You feel troubled. The ball python bites you.
* * * LOW HITPOINT WARNING * * *
The ball python grabs you. The ball python constricts you.
You hit the ball python.
The ball python is severely wounded.
The ball python bites you but does no damage.
The ball python constricts you.
You barely miss the ball python. You punch the ball python.
You kill the ball python!
The kobold throws a stone.
The stone hits you.
* * * LOW HITPOINT WARNING * * *
Natasha casts a spell at you. You resist with almost no effort.
The kobold barely misses you.
You see here a +0 club.
You hit the kobold.
You kill the kobold!
Natasha zaps a wand.
The puff of flame hits you.
* * * LOW HITPOINT WARNING * * *
You completely miss Natasha. Natasha claws you!
* * * LOW HITPOINT WARNING * * *
You punch Natasha!
Natasha is severely wounded.
Natasha claws you!
You die...

* ..# #..........#
,, , ...#
#.#'#+#########...#
...#
#.....##.......[..#
, , *
#.....##.........#
*
#....###.........##
*
#......#...........
,
#....#.#...........
#....#h#...........
#....#.h....†......
#....###.######....
, , )########)##
*,, . ,.........).#
, , , ...........#
*, ............# ,,
* ............# *
..^...........#* ,
, ...........##...
,


You could see Natasha.

Vanquished Creatures
  Natasha (D:2)
  A dart slug (D:2)
  2 bats
  An endoplasm (D:2)
  2 goblins (D:2)
  2 jackals (D:1)
  3 quokkas
  2 ball pythons (D:2)
  2 kobolds
  2 rats (D:1)
18 creatures vanquished.

Notes
Turn   | Place    | Note
-------+----------+-------------------------------------------
     0 | D:1      | lunkers the Meteoran Shapeshifter began the quest for the
                  | Orb.
     0 | D:1      | Reached XP level 1. HP: 16/16 MP: 2/2
    67 | D:1      | Reached skill level 4 in Unarmed Combat
    73 | D:1      | Reached XP level 2. HP: 17/23 MP: 3/3
   313 | D:2      | Noticed Natasha
   320 | D:2      | Killed Natasha
   321 | D:2      | Reached skill level 5 in Unarmed Combat
   321 | D:2      | Reached XP level 3. HP: 7/28 MP: 4/4
   324 | D:2      | Reached XP level 4. HP: 7/35 MP: 5/5
   356 | D:2      | Noticed Natasha
   365 | D:2      | Slain by Natasha

Illustrated notes

Levels and vault maps discovered:
D:1:      dpeg_arrival_windows_large_door, layout_basic
D:2:      layout_basic, minmay_misc_feat_five, uniq_natasha

Skill      XL: |  1  2 |
---------------+-------+-----
Unarmed Combat | 4 5 |  5.5
Fighting       | |  1.1
Dodging        | |  2.4
Shapeshifting  | |  3.6

Action                     |  1- 3 |  4- 6 || total
---------------------------+-------+-------++-------
  Melee: Unarmed           |    41 |    10 ||    51
         Punch             |     1 |     1 ||     2
    Use: Potion            |     1 |       ||     1
 Armour: Animal skin       |     9 |     1 ||    10
         Skin              |     3 |       ||     3
  Dodge: Dodged            |    22 |    13 ||    35

Table legend: (Time is in decaauts)
 A = Elapsed time spent in this place.
 B = Non-inter-level travel time spent in this place.
 C = Inter-level travel time spent in this place.
 D = Time resting spent in this place.
 E = Time spent auto-exploring this place.
 F = Levels seen in this place.
 G = Mean time per level.
                   A        B        C        D        E       F      G
               +--------+--------+--------+--------+--------+-----+--------+
         Total |    365 |    365 |      0 |     18 |    221 |   2 |  182.5 |
       Dungeon |    365 |    365 |      0 |     18 |    221 |   2 |  182.5 |
               +--------+--------+--------+--------+--------+-----+--------+

Top non-repeatable levels by time:
     D:1: 240 daAuts
     D:2: 124 daAuts
